Map: Ulrena

Players

Insane

  • Race: Terran Terran
  • League: Gold

LilDicky - Winner!

  • Race: Terran Terran
  • League: Diamond

VOD

http://www.twitch.tv/tumescentpie

Description

Time

  • Played on: Dec. 31, 2015, 3:58 p.m.
  • Length: 4:54
Show
View Real Time Build Order
Export as new Build Order

Insane Terran 

Build Orders: Reaper Expand 

Get SALT Encoding   

  12  0:01  SCV  
  13  0:13  SCV  
  14  0:18  Supply Depot  
  14  0:25  SCV  
  15  0:39  SCV  
  15  0:41  Barracks  
  16  0:46  Refinery  
  16  0:51  SCV  
  17  1:03  SCV  
  18  1:16  SCV  
  19  1:29  Orbital Command  
  19  1:30  Reaper  
  20  1:46  Command Center  
  20  1:56  SCV  
  21  2:06  Supply Depot  
  21  2:08  SCV  
  22  2:14  Factory  
  22  2:20  SCV  
  22  2:21  Barracks Tech Lab  
  22  2:32  SCV  
  23  2:37  Refinery  
  23  2:44  SCV  
  24  2:53  Barracks Tech Lab  
  24  2:56  SCV  
  25  3:06  Starport, Orbital Command  
  25  3:08  SCV  
  26  3:20  SCV  
  26  3:26  Barracks Reactor  
  27  3:32  SCV  
  28  3:35  Barracks x2  
  28  3:40  SCV  
  29  3:47  Siege Tank  
  32  3:52  Command Center  
  32  3:57  SCV x2, Refinery  
  32  3:58  Refinery  
  34  4:04  Marine x2  
  36  4:10  SCV x2  
  41  4:22  SCV x2  
  43  4:26  Marine x2  
  43  4:27  Barracks Reactor  
  45  4:34  SCV  
  45  4:37  SCV  
Show
View Real Time Build Order
Export as new Build Order

LilDicky Terran - Winner!

Build Orders: Liberator Opening 

Get SALT Encoding   

  12  0:02  SCV  
  13  0:14  SCV  
  13  0:18  Supply Depot  
  14  0:26  SCV  
  15  0:30  Refinery  
  15  0:40  SCV  
  16  0:47  Barracks  
  16  0:52  SCV  
  17  1:04  SCV  
  18  1:12  Refinery  
  18  1:16  SCV  
  19  1:29  SCV  
  20  1:41  Marine  
  20  1:43  Orbital Command  
  20  1:45  Factory  
  21  1:53  Supply Depot  
  21  1:59  Marine  
  22  2:13  SCV  
  23  2:17  Marine  
  24  2:27  SCV  
  25  2:31  Factory Tech Lab, Starport  
  25  2:37  Supply Depot  
  25  2:39  SCV, Marine  
  27  2:51  SCV  
  27  2:52  Siege Tank  
  27  2:56  Liberator  
  31  3:02  Supply Depot  
  31  3:18  SCV  
  35  3:24  Siege Tank  
  35  3:26  Engineering Bay  
  38  3:29  Marine  
  38  3:33  Supply Depot  
  39  3:38  SCV  
  39  3:39  Liberator  
  40  3:47  Marine  
  41  3:54  SCV  
  45  4:05  Siege Tank  
  45  4:06  SCV  
  49  4:13  Missile Turret  
  49  4:18  SCV  
  49  4:19  Supply Depot, Marine  
Tags
 
Add a new tag
Caveats
  • Supply blocks, unpowered buildings, or Contaminate may cause inaccurate times.
  • Supply counts are checked every 10 seconds.